 Dungeon Crawl Stone Soup version 0.19-a0-1685-g42d40c4 (webtiles) character file.

5640 goodcoolguy the Cleaver (level 10, 0/81 HPs)
             Began as a Deep Dwarf Wanderer on Oct 4, 2016.
             Slain by a red ugly thing (1 damage)
             ... on level 7 of the Dungeon.
             The game lasted 00:56:33 (6709 turns).

goodcoolguy the Cleaver (Deep Dwarf Wanderer)       Turns: 6709, Time: 00:56:34

Health: 0/81       AC: 14    Str: 19    XL:     10   Next: 46%
Magic:  6/6        EV:  4    Int: 15    God:
Gold:   389        SH: 10    Dex: 13    Spells: 1 memorised, 10 levels left

rFire  . . .     SeeInvis .     a - +2 hand axe (drain)
rCold  + . .     Gourm    .     E - +0 chain mail {MR+}
rNeg   . . .     Faith    +     x - +2 shield
rPois  .         Spirit   .     y - +2 helmet {Int+3}
rElec  .         Dismiss  .     p - +0 cloak
rCorr  .         Reflect  .     (no gloves)
MR     ++...     Harm     .     (no boots)
Stlth  ..........               o - amulet of faith
                                z - ring of wizardry
                                Q - ring of protection from cold

@: non-regenerating
A: damage resistance, recharge devices, sense surroundings 2, slow regeneration
3
a: Device Recharging


You were on level 7 of the Dungeon.
You were not hungry.

You visited 2 branches of the dungeon, and saw 9 of its levels.

You collected 389 gold pieces.

Inventory:

Hand Weapons
 a - a +2 hand axe of draining (weapon)
 b - a +2 hunting sling of velocity
 e - a +0 club
 j - a +0 short sword
 l - a +0 spear
 s - a +0 hunting sling
 C - a +0 blowgun
 K - a +2 dagger of venom
 M - a +0 war axe
 W - a +1 hand axe of venom
Missiles
 v - 2070 stones (quivered)
 D - 19 poisoned needles
Armour
 p - a +0 cloak (worn)
 x - a +2 shield (worn)
 y - a +2 helmet of intelligence (worn)
 B - a +0 leather armour of fire resistance
 E - a +0 chain mail of magic resistance (worn)
 X - a +0 ice dragon armour
Jewellery
 o - an amulet of faith (around neck)
 z - a ring of wizardry (right hand)
 F - a +3 ring of intelligence
 Q - a ring of protection from cold (left hand)
Wands
 d - a wand of iceblast (7/15)
 f - a wand of heal wounds (6/9)
 L - a wand of paralysis (0/24)
 O - a wand of acid (0/15)
Scrolls
 c - 5 scrolls of teleportation
 g - 2 scrolls of magic mapping {unknown}
 h - 6 scrolls of identify
 k - 2 scrolls of enchant weapon {unknown}
 m - a scroll of immolation {unknown}
 q - 2 scrolls of amnesia {unknown}
 t - a scroll of noise {unknown}
 u - 2 scrolls of fear {unknown}
 J - 2 scrolls of blinking {unknown}
 U - a scroll of enchant armour {unknown}
 V - a scroll of random uselessness {unknown}
Potions
 i - 4 potions of magic
 n - 2 potions of degeneration
 A - a potion of brilliance
 G - a potion of haste
 H - 2 potions of lignification
 I - 2 potions of agility
 N - 2 potions of curing
 R - 2 potions of berserk rage {unknown}
 S - a potion of heal wounds {unknown}
 T - a potion of cancellation {unknown}
Books
 r - a book of Flames

   Spells                             Type                      Level
   a - Flame Tongue                   Conjuration/Fire             1
   b - Throw Flame                    Conjuration/Fire             2
   c - Conjure Flame                  Conjuration/Fire             3
   d - Inner Flame                    Hexes/Fire                   3
   e - Sticky Flame                   Conjuration/Fire             4
   f - Fireball                       Conjuration/Fire             5
 w - the Guide on Envenoming

   Spells                             Type                      Level
   a - Sting                          Conjuration/Poison           1
   b - Spider Form                    Transmutation/Poison         3
 P - a book of Ice

   Spells                             Type                      Level
   a - Ice Form                       Ice/Transmutation            4
   b - Metabolic Englaciation         Hexes/Ice                    5
   c - Ozocubu's Refrigeration        Ice                          6
   d - Bolt of Cold                   Conjuration/Ice              6
   e - Freezing Cloud                 Conjuration/Ice/Air          6
   f - Simulacrum                     Ice/Necromancy               6


   Skills:
 - Level 2.3 Fighting
 + Level 14.7 Axes
 + Level 6.4 Armour
 - Level 1.1 Shields
 - Level 1.0 Spellcasting
 - Level 1.1 Conjurations
   Level 1.1 Translocations
 - Level 2.6 Fire Magic
 - Level 1.3 Evocations


You had 10 spell levels left.
You knew the following spells:

 Your Spells              Type           Power        Failure   Level  Hunger
a - Flame Tongue          Conj/Fire      #....        99%         1    ##.....


Dungeon Overview and Level Annotations

Branches:
Dungeon (8/15)             Temple (1/1) D:4
   Lair: D:-1           Orc: D:8-11       Crypt: Vaults:-1

Altars:
Ashenzari
Cheibriados
Dithmenos
Elyvilon
Fedhas
Hepliaklqana
Nemelex Xobeh
Okawaru
Qazlal
Sif Muna
Trog
Uskayaw
Xom
Yredelemnul
Zin
The Shining One

Shops:
D:4 *

Annotations:
D:5 Menkaure, Sigmund


Innate Abilities, Weirdness & Mutations

You are resistant to damage.
You can recharge devices by infusing magical energy.
You passively map the area around you.
You do not regenerate.


Message History

* * * LOW HITPOINT WARNING * * *
You are too injured to fight recklessly!
You hit the wyvern.
You kill the wyvern!
You slash the bush!
The deep elf mage gestures wildly while chanting.
The deep elf mage blinks!
The deep elf mage points at you and mumbles some strange words.
The bolt of lightning hits the bush.
The bolt of lightning hits you!
* * * LOW HITPOINT WARNING * * *
There is an open door, spattered with blood here.
Unknown command.
The howler monkey howls!
Evoke which item? (* to show all) (? for menu, Esc to quit)
Okay, then.
Charge which item? (? for menu, Esc to quit)
Your wand of heal wounds (0/9) glows for a moment and now has 6 charges.
The howler monkey hoots and howls with incredible vigour!
The red ugly thing engulfs you.
You die...

..########### ,, ,.......e#.#
..#....†....# ........#.#
#.#....#..⌠.# * ........#.#
..#....#.⌠..# ....u..(#.#
#.#>...#....# ........#.#
..#########'##############§#.#
..'....#.....h...#P.P.P.P..#.#
..####.#.........#........%#.#
..# #.#........@#......e..#.#
..# #.#.........u)P.P.P.P.#.#
..# #.#####################.#
..# #.......[=..............#
..# ###########...#######..##
..# #...# ##..# ### #...#
#..## # #...# #...# #
########...# #...#


You could see a red ugly thing and a howler monkey.

Vanquished Creatures
  An unseen horror (D:7)
  A flayed ghost (D:7)
  A cyclops (D:7)
  Joseph (D:7)
  Psyche (D:8)
  A spriggan (D:7)
  A wyvern (D:7)
  2 steam dragons
  An ice beast (D:6)
  A spiny frog skeleton (D:7)
  A phantom (D:6)
  3 ogres
  5 centaurs
  A bullfrog (D:8)
  A wyvern skeleton (D:7)
  A water moccasin skeleton (D:7)
  3 scorpions
  6 killer bees
  9 howler monkeys
  3 crimson imps
  A wasp zombie (D:7)
  2 centaur zombies
  4 orc priests
  6 hounds
  2 jellies
  A centaur skeleton (D:8)
  An iguana (D:7)
  9 worker ants
  5 orc wizards
  A hound skeleton (D:7)
  4 gnolls (D:3)
  4 adders
  4 shadow imps
  An ooze (D:7)
  An adder skeleton (D:4)
  A dart slug (D:3)
  3 leopard geckos
  39 orcs
  5 giant cockroaches
  10 goblins
  9 hobgoblins
  2 jackals (D:1)
  4 kobolds
  2 quokkas (D:3)
  2 ball pythons
  7 bats
  2 frilled lizards
  9 rats
  A fungus (D:5)
186 creatures vanquished.

Vanquished Creatures (others)
  2 orc wizards (D:8)
  A fungus (D:5)
3 creatures vanquished.

Grand Total: 189 creatures vanquished

Notes
Turn   | Place    | Note
-------+----------+-------------------------------------------
     0 | D:1      | goodcoolguy the Deep Dwarf Wanderer began the quest for the Orb.
     0 | D:1      | goodcoolguy set off with: a book of Flames, the Guide on Envenoming, a scroll of teleportation, a +0 robe, a +0 club, a wand of heal wounds (5/9)
     0 | D:1      | Reached XP level 1. HP: 18/18 MP: 2/2
     0 | D:1      | Identified the Guide on Envenoming
     2 | D:1      | Learned a level 1 spell: Flame Tongue
   241 | D:1      | Reached skill level 1 in Conjurations
   395 | D:1      | Reached XP level 2. HP: 8/25 MP: 0/3
   994 | D:2      | Reached XP level 3. HP: 27/32 MP: 1/4
  1584 | D:3      | Reached skill level 2 in Axes
  1804 | D:3      | Reached XP level 4. HP: 22/40 MP: 5/5
  1809 | D:3      | Reached skill level 3 in Axes
  2007 | D:3      | Reached skill level 4 in Axes
  2040 | D:3      | Reached XP level 5. HP: 34/46 MP: 6/6
  2401 | D:4      | Found Toen's Assorted Antiques.
  2544 | D:4      | Reached skill level 5 in Axes
  2569 | D:4      | Reached XP level 6. HP: 19/54 MP: 7/7
  2707 | D:4      | Found a staircase to the Ecumenical Temple.
  2715 | Temple   | Entered the Ecumenical Temple
  3305 | D:5      | Entered Level 5 of the Dungeon
  3322 | D:5      | Noticed a steam dragon
  3384 | D:5      | Killed a steam dragon
  3384 | D:5      | Reached skill level 6 in Axes
  3431 | D:5      | Reached XP level 7. HP: 41/61 MP: 7/7
  3628 | D:5      | Noticed Menkaure
  3994 | D:6      | Reached skill level 5 in Armour
  4061 | D:6      | Reached skill level 7 in Axes
  4315 | D:6      | Reached XP level 8. HP: 43/68 MP: 7/7
  4383 | D:6      | Reached skill level 8 in Axes
  4674 | D:5      | Noticed Sigmund
  4692 | D:7      | Found a shattered altar of Ashenzari.
  4845 | D:7      | Reached skill level 9 in Axes
  5343 | D:7      | Reached skill level 10 in Axes
  5557 | D:8      | Reached skill level 11 in Axes
  5557 | D:8      | Gained mutation: You passively map the area around you. [Deep Dwarf growth]
  5557 | D:8      | Reached XP level 9. HP: 21/74 MP: 8/8
  5625 | D:8      | Noticed Psyche
  5636 | D:8      | Killed Psyche
  5838 | D:8      | Reached skill level 12 in Axes
  6189 | D:7      | Reached skill level 13 in Axes
  6216 | D:7      | Killed an unseen horror
  6262 | D:7      | Noticed a flayed ghost
  6262 | D:7      | Noticed a red ugly thing
  6287 | D:7      | Reached XP level 10. HP: 55/81 MP: 8/8
  6399 | D:8      | Reached skill level 14 in Axes
  6536 | D:7      | Noticed Joseph
  6556 | D:7      | Killed a flayed ghost
  6637 | D:7      | Killed Joseph
  6653 | D:7      | Noticed a cyclops
  6674 | D:7      | Noticed a deep elf mage
  6691 | D:7      | Killed a cyclops
  6707 | D:7      | HP: 1/81 [deep elf mage/bolt of lightning (17)]
  6709 | D:7      | Slain by a red ugly thing

Vault maps used:
D:1:      mrwooster_arrival_statue_3
D:4:      first_bread, serial_shops, shop, kennysheep_generic_room_16
D:5:      kennysheep_steamy, uniq_sigmund, uniq_menkaure
D:7:      minmay_klotski, the_bakery, cheibrodos_ashenzari_chains, uniq_joseph
D:8:      uniq_psyche
Temple:   nicolae_temple_x_marks_the_god

Skill      XL: |  1  2  3  4  5  6  7  8  9 10 |
---------------+-------------------------------+-----
Conjurations   | 1 |  1.1
Fighting       | 2 |  2.3
Axes           | 2 4 5 6 7 11 13 14 | 14.7
Armour         | 2 4 5 6 |  6.4
Shields        | |  1.1
Spellcasting   | |  1.0
Translocations | |  1.1
Fire Magic     | |  2.6
Evocations     | |  1.3

Action                   |  1- 3 |  4- 6 |  7- 9 | 10-12 || total
-------------------------+-------+-------+-------+-------++-------
Melee: Club              |     7 |       |       |       ||     7
       Short sword       |    28 |       |       |       ||    28
       Spear             |    33 |       |       |       ||    33
       Hand axe          |     3 |    85 |   422 |    98 ||   608
       Dagger            |       |       |    45 |       ||    45
       War axe           |       |       |    17 |       ||    17
 Fire: Hunting sling     |    48 |   154 |    54 |     1 ||   257
 Cast: Flame Tongue      |    32 |       |       |       ||    32
 Abil: Device Recharging |       |     1 |     2 |     2 ||     5
Evoke: Wand              |     1 |     5 |    15 |     4 ||    25
  Use: Scroll            |       |     8 |     2 |     1 ||    11
       Potion            |       |       |     3 |     2 ||     5
 Stab: Distracted        |     1 |       |       |       ||     1
       Paralysed         |       |       |    10 |       ||    10
Armor: Robe              |    24 |    11 |       |       ||    35
       Leather armour    |       |    12 |       |       ||    12
       Chain mail        |       |    63 |   219 |    31 ||   313
       Skin              |       |       |    19 |       ||    19
Dodge: Dodged            |    43 |    42 |    53 |     8 ||   146
Block: Shield            |     6 |    93 |   188 |    41 ||   328
